 Dungeon Crawl Stone Soup version 0.30-a0-808-g6e0788376e (webtiles) character file.

Game seed: 15638407804993887666

854 bande the Shield-Bearer (level 8, -2/49 HPs)
             Began as a Gargoyle Fighter on Feb 27, 2023.
             Was an Initiate of Okawaru.
             Slain by an adder (3 damage)
             ... on level 5 of the Dungeon.
             The game lasted 00:06:44 (3394 turns).

bande the Shield-Bearer (Gargoyle Fighter)          Turns: 3394, Time: 00:06:45

Health: -2/49      AC: 18    Str: 19    XL:     8   Next: 1%
Magic:  8/8        EV:  3    Int: 10    God:    Okawaru [......]
Gold:   171        SH: 13    Dex: 11    Spells: 7/7 levels left

rFire   . . .      SeeInvis .    i - +4 hand axe "Zeyllee" {speed, Fragile rElec rN++}
rCold   . . .      Faith    .    e - +0 tower shield
rNeg    + + +      Spirit   .    k - +0 chain mail
rPois   ∞          Reflect  .    b - +0 helmet
rElec   +          Harm     .    (no cloak)
rCorr   .          Rampage  .    c - +1 pair of gloves
Will    .....                    (no boots) Stlth
                                 (no amulet)
HPRegen 0.28/turn                (no ring)
MPRegen 0.11/turn                (no ring)

@: no status effects
A: sickness immunity, AC +5, negative energy resistance 1, electricity
resistance, torment resistance 1, petrification resistance
a: Renounce Religion


You were on level 5 of the Dungeon.
You worshipped Okawaru.
Okawaru was noncommittal.
You visited 2 branches of the dungeon, and saw 6 of its levels.
You also visited: Sewer.

You collected 171 gold pieces.

Inventory:

Hand Weapons
 a - a +0 war axe
 i - the +4 hand axe "Zeyllee" (weapon) {speed, Fragile rElec rN++}
   (You found it on level 3 of the Dungeon)

   rElec:     It insulates you from electricity.
   rN:        It greatly protects you from negative energy.
   Fragile:   It will be destroyed if unequipped.
Armour
 b - a +0 helmet (worn)
 c - a +1 pair of gloves (worn)
 e - a +0 tower shield (worn)
 k - a +0 chain mail (worn)
Jewellery
 h - a ring of wizardry
Wands
 j - a wand of flame (39)
Scrolls
 l - a scroll of magic mapping
Potions
 d - 2 potions of might
 f - a potion of haste
 g - 2 potions of cancellation
 m - a potion of degeneration {unknown}
 n - 3 potions of magic
 o - a potion of berserk rage {unknown}
 p - a potion of flight {unknown}
 q - a potion of heal wounds {unknown}
 r - a potion of mutation {unknown}


   Skills:
 + Level 5.0 Fighting
 + Level 5.3 Axes
 + Level 4.4 Armour
 + Level 5.3 Shields
 * Level 1.2 Invocations
 * Level 2.3 Evocations


You had 7 spell levels left.
You didn't know any spells.
Your spell library contained the following spells:

 Spells                   Type           Power      Damage    Failure   Level
 Blink                    Tloc           0%         N/A       100%        2
 Lesser Beckoning         Tloc           0%         N/A       100%        2
 Momentum Strike          Conj/Tloc      0%         3d8       100%        2
 Gell's Gravitas          Tloc           0%         N/A       100%        3
 Ignite Poison            Fire/Tmut/Pois 0%         N/A       100%        3
 Teleport Other           Tloc           0%         N/A       100%        3
 Sticky Flame             Conj/Fire      0%         2d3       100%        4
 Fireball                 Conj/Fire      0%         3d3       100%        5
 Iskenderun's Battlesphe  Conj           0%         2d6       100%        5
 Conjure Ball Lightning   Conj/Air       0%         3x3d6     100%        6
 Orb of Destruction       Conj           0%         9d5       100%        7
 Ignition                 Fire           0%         3d3       100%        8


Dungeon Overview and Level Annotations

Branches:
Dungeon (5/15)             Temple (1/1) D:4           Sewer (visited)

Altars:
Ashenzari
Cheibriados
Dithmenos
Fedhas
Gozag
Hepliaklqana
Kikubaaqudgha
Makhleb
Okawaru
Qazlal
Ru
Sif Muna
Trog
Vehumet
Wu Jian
Xom
Yredelemnul
Zin
The Shining One


Innate Abilities, Weirdness & Mutations

You are immune to sickness and miasma.
Your stone body is resilient. (AC +5)
You are immune to poison.
You resist negative energy. (rN+)
You are resistant to electric shocks. (rElec)
You are resistant to unholy torment.
You are immune to petrification.


Message History

Unknown command.
The orc wizard attacks as you move away!
The orc wizard hits you but does no damage.
The adder barely misses you.
You bump into the rock wall.
The adder barely misses you.
The orc priest calls upon Beogh to heal the orc wizard.
The orc wizard is healed somewhat.
You bump into the rock wall.
The adder bites you but does no damage.
The orc wizard points at you and mumbles some strange words.
The puff of flame hits you.
* * * LOW HITPOINT WARNING * * *
The orc priest hits you but does no damage.
The adder bites you but does no damage.
You closely miss the adder. You closely miss the orc priest.
You hit the orc wizard.
The orc priest invokes the aid of Beogh against you.
Beogh smites you!
* * * LOW HITPOINT WARNING * * *
The orc wizard hits you but does no damage.
The adder barely misses you.
Unknown command.
You're too confused to move!
You feel less confused. You block the orc priest's attack.
You block the orc wizard's attack. The adder bites you but does no damage.
Unknown command.
You miss the adder. You barely miss the orc priest.
You hit the orc wizard but do no damage.
The adder bites you but does no damage. You block the orc priest's attack.
The orc wizard hits you with a +0 dagger.
* * * LOW HITPOINT WARNING * * *
The adder bites you but does no damage.
Unknown command.
It was a potion of cancellation.
You feel magically purged.
The orc priest calls upon Beogh to heal the orc wizard.
The orc wizard is healed somewhat.
The orc wizard points at you and mumbles some strange words.
The magic dart hits you but does no damage.
The adder bites you.
You die...

#...........# #...........
........... #.# #'....# #.#
#'....+ #.#########....#
#.#.......'o...+
#.#.#######So..# #.#.# #@o..#
### #.#.###################.#
#.#.#...........##......#
#........####.........#.#
###.........#.........#.#
##..........#.........#.#
#####...........###+##......#
#................##.##..#####
#.#..................#..#


You could see an orc priest, an orc wizard, an adder and an orc.

Vanquished Creatures
  2 phantoms
  3 kobold brigands (Sewer)
  A water moccasin zombie (D:3)
  The ghost of mewnfare the Slasher, a weakling BaRe (D:3)
  A bullfrog zombie (D:3)
  A hound (D:3)
  2 jellies (D:5)
  Jessica (D:3)
  2 iguanas (D:5)
  Natasha (thrice) (D:4)
  5 adders
  2 dart slugs (D:4)
  An orc (D:5)
  5 endoplasms
  7 giant cockroaches
  4 goblins
  7 hobgoblins
  4 jackals (D:3)
  6 quokkas
  7 ball pythons
  11 bats
  7 frilled lizards
  18 kobolds
  9 rats
110 creatures vanquished.

Vanquished Creatures (others)
  3 plants (Sewer)
3 creatures vanquished.

Grand Total: 113 creatures vanquished

Notes
Turn   | Place    | Note
-------+----------+-------------------------------------------
     0 | D:1      | bande the Gargoyle Fighter began the quest for the Orb.
     0 | D:1      | Reached XP level 1. HP: 14/14 MP: 1/1
   171 | D:1      | Reached XP level 2. HP: 11/19 MP: 2/2
   647 | D:1      | Reached XP level 3. HP: 23/24 MP: 3/3
  1358 | D:2      | Reached XP level 4. HP: 29/29 MP: 4/4
  1404 | D:3      | Identified the +4 hand axe "Zeyllee" {speed, Fragile rElec
                  | rN++}
  1580 | D:3      | Found a transporter.
  1585 | D:3      | Noticed mewnfare's ghost (weakling BaRe)
  1710 | D:3      | Found a transporter.
  1808 | D:3      | Found a basalt altar of Yredelemnul.
  1813 | D:3      | Found a glowing silver altar of Zin.
  1818 | D:3      | Found a blossoming altar of Fedhas.
  1819 | D:3      | Found a burning altar of Makhleb.
  1820 | D:3      | Found a stormy altar of Qazlal.
  1821 | D:3      | Found a hazy altar of Hepliaklqana.
  1971 | D:3      | Noticed Jessica
  1979 | D:3      | Killed Jessica
  1980 | D:3      | Reached XP level 5. HP: 26/33 MP: 5/5
  2216 | D:3      | Killed mewnfare's ghost
  2222 | D:3      | Reached XP level 6. HP: 30/39 MP: 6/6
  2298 | D:4      | Noticed Natasha
  2303 | D:4      | Killed Natasha
  2346 | D:4      | Found a glowing drain.
  2372 | Sewer    | Entered a sewer
  2598 | Sewer    | Reached skill level 5 in Shields
  2598 | Sewer    | Reached skill level 1 in Evocations
  2598 | Sewer    | Reached XP level 7. HP: 41/44 MP: 7/7
  2748 | D:4      | Found a staircase to the Ecumenical Temple.
  2754 | Temple   | Entered the Ecumenical Temple
  2851 | Temple   | Became a worshipper of Warmaster Okawaru
  2950 | D:4      | Noticed Natasha
  2961 | D:4      | Killed Natasha
  2984 | D:4      | Found a snail-covered altar of Cheibriados.
  3030 | D:4      | Noticed Natasha
  3037 | D:4      | Killed Natasha
  3129 | D:5      | Entered Level 5 of the Dungeon
  3135 | D:5      | Reached skill level 5 in Axes
  3260 | D:5      | Reached skill level 1 in Invocations
  3287 | D:5      | Reached skill level 5 in Fighting
  3287 | D:5      | Reached XP level 8. HP: 49/49 MP: 8/8
  3393 | D:5      | HP: 1/49 [orc wizard/+0 dagger (3)]
  3394 | D:5      | Slain by an adder

Illustrated notes

Levels and vault maps discovered:
D:1:      wander_arrival_peaceful_grave, layout_loops_ring
D:2:      layout_basic, minmay_stone_trees_medium
D:3:      layout_loops_cross, minitemple, gammafunk_ghost_mausoleum,
          grunt_decor_fettered, kennysheep_jessica_study
D:4:      layout_rooms, kennysheep_mini_moat,
          minmay_temple_entry_enclosed_plants, portal_sewer_entry_f,
          uniq_natasha
D:5:      layout_basic, nicolae_overflow_hidden_temple
Temple:   hellmonk_temple_forest_ring

Skill      XL: |  1  2  3  4  5  6  7 |
---------------+----------------------+-----
Axes           | 2 3 4 5 |  5.3
Fighting       | 4 5 |  5.0
Shields        | 4 5 |  5.3
Armour         | 4 |  4.4
Evocations     | 1 2 |  2.3
Invocations    | 1 |  1.2

Action                     |  1- 3 |  4- 6 |  7- 9 || total
---------------------------+-------+-------+-------++-------
  Melee: War axe           |   154 |    20 |       ||   174
         Hand axe          |       |   138 |    77 ||   215
    Use: Scroll            |     2 |     4 |     5 ||    11
         Potion            |       |       |     1 ||     1
 Armour: Scale mail        |   118 |    53 |       ||   171
         Chain mail        |       |    44 |    49 ||    93
  Dodge: Dodged            |    55 |    28 |    15 ||    98
  Block: Tower shield      |   117 |   119 |    34 ||   270

Table legend: (Time is in decaauts)
 A = Elapsed time spent in this place.
 B = Non-inter-level travel time spent in this place.
 C = Inter-level travel time spent in this place.
 D = Time resting spent in this place.
 E = Time spent auto-exploring this place.
 F = Levels seen in this place.
 G = Mean time per level.
                   A        B        C        D        E       F      G
               +--------+--------+--------+--------+--------+-----+--------+
         Total |   3581 |   3495 |     86 |     33 |   2369 |   7 |  511.6 |
       Dungeon |   3171 |   3095 |     76 |     33 |   2108 |   5 |  634.2 |
        Temple |    118 |    108 |     10 |      0 |     75 |   1 |  118.0 |
         Sewer |    291 |    291 |      0 |      0 |    186 |   1 |  291.0 |
               +--------+--------+--------+--------+--------+-----+--------+

Top non-repeatable levels by time:
     D:3: 953 daAuts
     D:1: 775 daAuts
     D:2: 711 daAuts
     D:4: 465 daAuts
   Sewer: 291 daAuts
     D:5: 265 daAuts
  Temple: 118 daAuts
